 Dungeon Crawl Stone Soup version 0.30-a0-1160-g6e42c06551 (webtiles) character file.

Game seed: 14101649552125906980

1222 Maxmaps the Slicer (level 8, -8/58 HPs)
             Began as a Demonspawn Monk on Apr 26, 2023.
             Mangled by a hornet (13 damage)
             ... on level 6 of the Dungeon.
             The game lasted 00:07:40 (4807 turns).

Maxmaps the Slicer (Demonspawn Monk)                Turns: 4807, Time: 00:07:41

Health: -8/58      AC: 10    Str: 15    XL:     8   Next: 23%
Magic:  8/8        EV: 11    Int: 12    God:
Gold:   320        SH:  0    Dex: 16    Spells: 7/7 levels left

rFire   . . .        m - +2 dagger (vamp)
rCold   . . .        c - orb {light}
rNeg    . . .        e - +1 ring mail
rPois   .            o - +2 helmet
rElec   .            (no cloak)
rCorr   .            y - +0 pair of gloves
SInv    .            w - +0 pair of boots
Will    .....        (no amulet)
Stlth   +            (no ring)
HPRegen 0.29/turn    (no ring)
MPRegen 0.11/turn

%: no passive effects
@: lethally poisoned (-8 -> -17), slowed, glowing, very slow
A: icy blue scales 1, powered by death 1, weakness stinger 2, deformed body,
strong 1
a: no special abilities


You were on level 6 of the Dungeon.
You visited 1 branch of the dungeon, and saw 6 of its levels.

You collected 320 gold pieces.

Inventory:

Hand Weapons
 m - a +2 vampiric dagger (weapon)
Armour
 c - an orb of light (worn)
 e - a +1 ring mail (worn)
 o - a +2 helmet (worn)
 w - a +0 pair of boots (worn)
 y - a +0 pair of gloves (worn)
Jewellery
 l - a ring of fire
Wands
 u - a wand of quicksilver (8)
Scrolls
 d - 3 scrolls of identify
 g - a scroll of noise
 i - a scroll of butterflies
 p - 2 scrolls of amnesia
 s - 4 scrolls of teleportation
 v - a scroll of magic mapping
 x - a scroll of blinking


   Skills:
 - Level 3.0 Fighting
 + Level 8.2 Short Blades
 - Level 3.0 Dodging
 - Level 4.3 Unarmed Combat


You had 7 spell levels left.
You didn't know any spells.
Your spell library contained the following spells:

 Spells                   Type           Power      Damage    Failure   Level
 Poisonous Vapours        Pois/Air       0%         N/A       69%         2
 Mephitic Cloud           Conj/Pois/Air  0%         N/A       89%         3
 Freezing Cloud           Conj/Ice/Air   0%         6-21      100%        5


Dungeon Overview and Level Annotations

Branches:
Dungeon (6/15)
 Temple: D:4-7

Altars:
Ashenzari
Nemelex Xobeh


Innate Abilities, Weirdness & Mutations

You are partially covered in icy blue scales. (AC +2)
You regenerate a little health from kills.
You have a tail ending in a sharp stinger.
Armour fits poorly on your strangely shaped body.
Your muscles are strong. (Str +4, Int/Dex -1)


Message History

The hornet is lightly wounded.
The hornet stings you.
You are poisoned.
You feel as though you will be slow longer.
The iguana barely misses you.
You feel very sick. The hornet stings you.
You feel as though you will be slow longer.
The iguana attacks as you move away! The iguana closely misses you.
You feel sick. The hornet closely misses you.
The hornet stings you but does no damage.
The iguana bites you. The hornet attacks as you move away!
The hornet barely misses you.
You feel sick.
The hornet stings you but does no damage.
The iguana attacks as you move away! The iguana barely misses you.
The hornet attacks as you move away! The hornet closely misses you.
You feel sick. The hornet stings you!
* * * LOW HITPOINT WARNING * * *
You are lethally poisoned!
You feel as though you will be slow longer.
You aren't carrying any potions.
You aren't carrying any potions.
Unknown command.
You aren't carrying any potions.
Sorry, you're not good enough to have a special ability.
Unknown command.
Aiming: Quicksilver Bolt
Press: ? - help, Shift-Dir - straight line, f - hornet
Aim: a hornet (lightly wounded, haloed, 71% to hit)
The bolt of dispelling energy hits the hornet!
The hornet is heavily wounded.
The bolt of dispelling energy hits the iguana!
The iguana is almost dead.
The bolt of dispelling energy hits the phantom!!
The phantom is severely damaged.
* * * LOW HITPOINT WARNING * * *
You feel very sick. The hornet stings you!
You die...

****########### **##********
*,,,..........# *...,,,,,,,**
*,,,..........# *##..,,,,,,,,,,
*,,,..........# **...,**********
*,,,..........# *..#*,*,,,,,,,,,
*,,,..........###.#**,*,****,***
*,,,.......W.ly@..# *,*,,,,*,*,,
****###'#######.### *,****,*,*,*
*,*#<.))..# *,,,,,,*,*,,
********,*######.#** *,******,***
*,,,,,,*∩,,,,,,....* *,,,,,,,,,,,
*,**,,,*,*****####.# ****,,,,,***
*,**,***,,,*,,,,,*.#*****,,,,,***
*,,,,,,,,,,*,*,***,.,,,,+,,,,,,,,
****,***,*,*,,,,,*,.#****,,,,,,**


You could see a hornet, a phantom and an iguana.

Vanquished Creatures
  Edmund (D:5)
  An acid dragon (D:5)
  A black bear (D:5)
  An ice beast (D:5)
  An ogre (D:6)
  2 phantoms
  A scorpion (D:5)
  A howler monkey (D:5)
  2 hounds
  A gnoll bouda (D:6)
  A sleepcap (D:4)
  4 iguanas
  An orc wizard (D:5)
  Robin (D:2)
  10 gnolls
  4 adders
  A worm (D:2)
  5 dart slugs (D:2)
  5 orcs
  3 ball pythons
  6 endoplasms
  3 giant cockroaches
  15 goblins
  13 hobgoblins
  4 jackals (D:4)
  2 quokkas (D:1)
  3 bats
  4 frilled lizards (D:1)
  7 kobolds
  3 rats (D:1)
107 creatures vanquished.

Vanquished Creatures (others)
  5 plants (D:5)
5 creatures vanquished.

Grand Total: 112 creatures vanquished

Notes
Turn   | Place    | Note
-------+----------+-------------------------------------------
     0 | D:1      | Maxmaps the Demonspawn Monk began the quest for the Orb.
     0 | D:1      | Reached XP level 1. HP: 18/18 MP: 1/1
   307 | D:1      | Gained mutation: You have a small tail. [demonic ancestry]
   307 | D:1      | Reached XP level 2. HP: 20/24 MP: 2/2
   525 | D:1      | Found a faded altar of an unknown god.
   741 | D:1      | Reached XP level 3. HP: 29/29 MP: 3/3
   984 | D:2      | Noticed Robin
  1274 | D:2      | Killed Robin
  1275 | D:2      | Gained mutation: You regenerate a little health from kills.
                  | [demonic ancestry]
  1275 | D:2      | Reached XP level 4. HP: 35/35 MP: 4/4
  1599 | D:2      | Reached skill level 1 in Short Blades
  2483 | D:4      | Noticed a phantom
  2497 | D:4      | Killed a phantom
  2498 | D:4      | Reached skill level 3 in Short Blades
  2498 | D:4      | Gained mutation: You have a tail ending in a sharp stinger.
                  | [demonic ancestry]
  2498 | D:4      | Reached XP level 5. HP: 25/41 MP: 5/5
  2889 | D:4      | Gained mutation: You are partially covered in icy blue
                  | scales. (AC +2) [demonic ancestry]
  2889 | D:4      | Reached XP level 6. HP: 46/47 MP: 6/6
  2897 | D:4      | Reached skill level 4 in Short Blades
  2954 | D:4      | Found a broken altar of Ashenzari.
  3083 | D:4      | Found a sparkling altar of Nemelex Xobeh.
  3256 | D:5      | Entered Level 5 of the Dungeon
  3349 | D:5      | Noticed an ice beast
  3357 | D:5      | Gained mutation: Armour fits poorly on your strangely
                  | shaped body. [potion of mutation]
  3357 | D:5      | Gained mutation: Your muscles are strong. (Str +4, Int/Dex
                  | -1) [potion of mutation]
  3386 | D:5      | Killed an ice beast
  3387 | D:5      | Reached skill level 5 in Short Blades
  3611 | D:5      | Reached XP level 7. HP: 43/52 MP: 7/7
  3770 | D:5      | Reached skill level 6 in Short Blades
  3853 | D:5      | Noticed Edmund
  3888 | D:5      | Killed Edmund
  4101 | D:5      | Reached skill level 7 in Short Blades
  4207 | D:5      | Reached XP level 8. HP: 22/57 MP: 8/8
  4737 | D:6      | Reached skill level 8 in Short Blades
  4794 | D:6      | Noticed a hornet
  4807 | D:6      | Mangled by a hornet

Illustrated notes

Levels and vault maps discovered:
D:1:      dpeg_arrival_rooms_a, layout_basic,
          hellmonk_ecumenical_altar_pennies_from_heaven,
          wander_ebering_terrifying_dragon_lair
D:2:      layout_loops_ring, uniq_robin
D:3:      layout_basic, serial_bayou_crossing
D:4:      layout_loops_cross, nicolae_overflow_hidden_temple
D:5:      cheibrodos_two_vegetables, layout_basic, uniq_edmund
D:6:      layout_basic, nicolae_overflow_crystal_walls, elyvilon_altar_3,
          serial_shops, shop, roderic_lattice_a, hangedman_decor_opposing

Skill      XL: |  1  2  3  4  5  6  7  8 |
---------------+-------------------------+-----
Unarmed Combat | 3 4 |  4.3
Dodging        | 3 |  3.0
Short Blades   | 3 5 7 8 |  8.2
Fighting       | |  3.0

Action                     |  1- 3 |  4- 6 |  7- 9 || total
---------------------------+-------+-------+-------++-------
  Melee: Unarmed           |   113 |     5 |       ||   118
         Tailslap          |     9 |    38 |    20 ||    67
         Dagger            |       |   186 |   149 ||   335
  Evoke: Wand              |       |     1 |     1 ||     2
    Use: Potion            |       |     6 |     3 ||     9
         Scroll            |       |       |    11 ||    11
 Armour: Ring mail         |    56 |    44 |    40 ||   140
         Skin              |       |       |    14 ||    14
  Dodge: Dodged            |   102 |    84 |    55 ||   241

Table legend: (Time is in decaauts)
 A = Elapsed time spent in this place.
 B = Non-inter-level travel time spent in this place.
 C = Inter-level travel time spent in this place.
 D = Time resting spent in this place.
 E = Time spent auto-exploring this place.
 F = Levels seen in this place.
 G = Mean time per level.
                   A        B        C        D        E       F      G
               +--------+--------+--------+--------+--------+-----+--------+
         Total |   4752 |   4397 |    355 |    587 |   2947 |   6 |  792.0 |
       Dungeon |   4752 |   4397 |    355 |    587 |   2947 |   6 |  792.0 |
               +--------+--------+--------+--------+--------+-----+--------+

Top non-repeatable levels by time:
     D:5: 1441 daAuts
     D:1: 1254 daAuts
     D:4: 760 daAuts
     D:2: 652 daAuts
     D:3: 576 daAuts
     D:6: 65 daAuts
